 Dungeon Crawl Stone Soup version 0.28-a0-1629-gf728b707aa (webtiles) character file.

Game seed: 5391433770616013776

6 Ajdolov the Poker (level 1, 0/21 HPs)
             Began as a Naga Monk on Jan 25, 2022.
             Slain by a quokka (3 damage)
             ... on level 1 of the Dungeon.
             The game lasted 00:00:24 (151 turns).

Ajdolov the Poker (Naga Monk)                        Turns: 151, Time: 00:00:24

Health: 0/21       AC:  1    Str: 13    XL:     1   Next: 90%
Magic:  1/1        EV: 10    Int: 10    God:
Gold:   8          SH:  0    Dex: 13    Spells: 0/0 levels left

rFire   . . .      SeeInvis +   a - +0 spear
rCold   . . .      Faith    .   (no shield)
rNeg    . . .      Spirit   .   b - +0 robe
rPois   +          Reflect  .   (no helmet)
rElec   .          Harm     .   (no cloak)
rCorr   .          Rampage  .   (no gloves)
Will    .....                   (no barding)
Stlth   ++........              (no amulet)
HPRegen 0.07/turn               (no ring)
MPRegen 0.07/turn               (no ring)

@: very slow
A: AC +0, large, see invisible, deformed body, poison resistance, slowness 2,
spit poison 1, naga tail 1
a: Spit Poison


You were on level 1 of the Dungeon.
You visited 1 branch of the dungeon, and saw 1 of its levels.

You collected 8 gold pieces.

Inventory:

Hand Weapons
 a - a +0 spear (weapon)
Armour
 b - a +0 robe (worn)
Scrolls
 c - a scroll of immolation {unknown}
Potions
 d - a potion of degeneration {unknown}


   Skills:
 - Level 3.0 Fighting
 + Level 3.4 Polearms
 - Level 2.4 Dodging
 - Level 3.0 Stealth


You couldn't memorise any spells.
You didn't know any spells.
Your spell library was empty.

Dungeon Overview and Level Annotations

Branches:
Dungeon (1/15)

Altars:


Innate Abilities, Weirdness & Mutations

Your serpentine skin is tough. (AC +0)
You have supernaturally acute eyesight. (SInv)
Armour fits poorly on your strangely shaped body.
Your system is resistant to poisons. (rPois)
You cover ground very slowly.
You can spit poison.
You have a snake-like lower body.


Message History

You now have 8 gold pieces.
Things that are here:
a +0 club; a goblin corpse
Found a short sword.
You see here a +0 short sword.
A ball python comes into view.
You reach to attack!
The helpless ball python fails to defend itself.
You puncture the ball python!
You kill the ball python!
No target in view!
Found a stone staircase leading down.
A ball python comes into view.
A quokka comes into view.
A kobold comes into view. It is wielding a +0 dagger.
The kobold shouts!
You reach to attack!
You closely miss the quokka. You barely miss the quokka. The quokka bites you.
A giant cockroach comes into view.
The kobold completely misses you.
The ball python hisses angrily.
You hit the quokka but do no damage. The quokka bites you.
You hit the quokka but do no damage. The kobold hits you with a +0 dagger.
The quokka bites you.
You are too injured to fight recklessly!
You are too injured to fight recklessly!
You are too injured to fight recklessly!
You closely miss the kobold. The kobold hits you with a +0 dagger.
The quokka bites you.
* * * LOW HITPOINT WARNING * * *
The ball python barely misses you.
You barely miss the kobold. The quokka closely misses you.
The kobold hits you with a +0 dagger.
* * * LOW HITPOINT WARNING * * *
The ball python closely misses you.
Aiming: Spit Poison (3% risk of failure)
Press: ? - help, Shift-Dir - straight line, f/p - quokka
Aim: a quokka (38% to hit)
You fail to use your ability.
The quokka bites you.
You die...

## #...... ### .
##.....## ..###..##
#.......# #.......#
#.......# .###.#..#
#.......# .)##.#..#
##.....##
#..#.#..####....r..#
##.#.#....##....@..#
#...#.##.##....KS.#.
##.....#..#..........#
##.......#.#...#B...#
###..#....###.#.8###
#.......# #.#..+
#.......# #.# 8#
....##......... ..
###########.. #


You could see a quokka, a giant cockroach, a ball python and a kobold.

Vanquished Creatures
  3 ball pythons (D:1)
  2 goblins (D:1)
  A kobold (D:1)
  A rat (D:1)
7 creatures vanquished.

Notes
Turn   | Place    | Note
-------+----------+-------------------------------------------
     0 | D:1      | Ajdolov the Naga Monk began the quest for the Orb.
     0 | D:1      | Reached XP level 1. HP: 21/21 MP: 1/1
   151 | D:1      | Slain by a quokka

Illustrated notes

Levels and vault maps discovered:
D:1:      minmay_arrival_four_houses, layout_rooms,
          dreamdust_ecumenical_altar_angels_and_demons, corexii_corridor_pit,
          minmay_cut_off

Action                   || total
-------------------------++-------
Melee: Spear             ||    20
       Punch             ||     1
 Stab: Sleeping          ||     1
Armor: Robe              ||     1
Dodge: Dodged            ||    12

Table legend: (Time is in decaauts)
 A = Elapsed time spent in this place.
 B = Non-inter-level travel time spent in this place.
 C = Inter-level travel time spent in this place.
 D = Time resting spent in this place.
 E = Time spent auto-exploring this place.
 F = Levels seen in this place.
 G = Mean time per level.
                   A        B        C        D        E       F      G
               +--------+--------+--------+--------+--------+-----+--------+
         Total |    181 |    181 |      0 |      0 |    116 |   1 |  181.0 |
       Dungeon |    181 |    181 |      0 |      0 |    116 |   1 |  181.0 |
               +--------+--------+--------+--------+--------+-----+--------+

Top non-repeatable levels by time:
     D:1: 181 daAuts
